AoeStats
← QHSZ

Pilgrims

508163485Analyzed
4v4 RM · 13d ago on Sep 21, 2026· 31m 41s· 8 players
Game mode
Random Map
Map size
Large (8 player)
Population
200
Speed
Normal
Resources
Standard
Victory
Conquest
Starting age
Dark Age
Ending age
Imperial Age
RankedLock teamsTeams togetherTeam positionsShared explorationLock speedFull tech treeHidden civsTurbo modeCheats
Victory
Defeat
🇩🇪 Koreans · Germany
1267
+14
🇨🇳 Gurjaras · China
1265
+14
🇦🇷 Spanish · Argentina
1246
+14
🇨🇳 Armenians · China
1228
+14
🇲🇽 Malay · Mexico
1234
-15
🇺🇸 Vietnamese · United States
1227
-15
🇭🇰 Malians · Hong Kong SAR China
1194
-13
🇺🇸 Japanese · United States
1190
-13
PuneMahaWarrior
10:46 Loom
13:57 Feudal Age
14:59 Double-Bit Axe
17:53 Castle Age
15:50 Fishing Lines
16:17 Stone Mining
16:40 Loom
18:47 Bow Saw
18:29 Town Watch
21:48 Gillnets
22:38 Fletching
24:39 Bodkin Arrow
28:49 Ballistics
Jling.YYC
6:16 Loom
12:27 Feudal Age
15:33 Town Watch
19:36 Castle Age
18:20 Scale Mail Armor
18:15 Double-Bit Axe
19:11 Forging
19:11 Stone Mining
19:44 Gold Mining
23:24 Scale Barding Armor
23:32 Horse Collar
28:30 Pikeman
30:31 Chain Mail Armor
RexConquistadorLex
4:58 Loom
14:20 Feudal Age
15:57 Town Watch
16:21 Man-at-Arms
16:46 Arson
18:17 Scale Mail Armor
18:17 Horse Collar
19:22 Forging
20:38 Fletching
The Kraken
5:12 Loom
10:18 Feudal Age
11:38 Double-Bit Axe
15:22 Fletching
15:43 Forging
22:31 Castle Age
Akida
5:15 Loom
11:17 Feudal Age
15:05 Castle Age
14:02 Fletching
14:23 Forging
14:09 Double-Bit Axe
15:26 Forging
15:03 Fishing Lines
16:43 Medium Warships
17:46 Bow Saw
20:35 Wheelbarrow
24:19 Elite Skirmisher
26:59 Hand Cart
28:23 Stone Mining
28:23 Gold Mining
29:37 Crossbowman
30:55 Fervor
2263430749
3:16 Loom
11:38 Feudal Age
24:06 Castle Age
24:53 Fletching
biubiu
4:37 Loom
12:26 Feudal Age
12:52 Fishing Lines
13:02 Double-Bit Axe
18:15 Castle Age
17:38 Scale Barding Armor
17:44 Forging
18:58 Husbandry
18:19 Light Cavalry
19:12 Gillnets
20:48 Bloodlines
21:34 Wheelbarrow
21:11 Bow Saw
22:05 Chain Barding Armor
24:32 Stone Mining
25:15 Gold Mining
26:00 Stone Shaft Mining
28:01 Horse Collar
29:55 Iron Casting
32:30 Imperial Age
30:17 Hand Cart
29:48 Town Watch
31:44 Gold Shaft Mining
QHSZ
5:03 Loom
8:00 Loom
8:53 Loom
14:57 Feudal Age
15:57 Double-Bit Axe
15:54 Horse Collar
19:45 Castle Age
19:22 Padded Archer Armor
19:33 Scale Barding Armor
20:21 Forging
21:03 Bow Saw
21:01 Heavy Plow
21:59 Town Watch
23:09 Wheelbarrow
22:44 Gold Mining
24:47 Chain Barding Armor
24:50 Leather Archer Armor
28:53 Iron Casting
28:26 Husbandry
31:14 Bloodlines
32:36 Hand Cart
Connection lost

Rejoining the realm…

Still unreachable

The connection could not be restored.

Session expired

The server has moved on; the page needs a fresh start.